 Dungeon Crawl Stone Soup version 0.31-a0-819-gf6de2f5ab6 (webtiles) character file.

Game seed: 11972394904783097441

30468 qw the Marksgargoyle (level 13, -8/88 HPs)
             Began as a Gargoyle Hunter on Sept 23, 2023.
             Was a Priest of Okawaru.
             Killed by divine providence
             ... invoked by a meliai
              (13 damage)
             ... on level 4 of the Lair of Beasts.
             The game lasted 00:08:01 (13582 turns).

qw the Marksgargoyle (Gargoyle Hunter)             Turns: 13582, Time: 00:08:02

Health: -8/88      AC: 28    Str: 16    XL:     13   Next: 51%
Magic:  17/17      EV: 22    Int: 13    God:    Okawaru [***...]
Gold:   685        SH:  0    Dex: 23    Spells: 12/12 levels left

rFire   . . .        Y - +1 orcbow
rCold   . . .        (shield currently unavailable)
rNeg    + . .        b - +0 troll leather armour
rPois   inf          j - +2 helmet {Int+3}
rElec   +            (no cloak)
rCorr   .            n - +2 pair of gloves
SInv    .            d - +2 pair of boots {Fly}
Will    .....        (no amulet)
Stlth   +++          c - +6 ring of dexterity
HPRegen 1.14/turn    l - +4 ring of protection
MPRegen 0.15/turn

%: no passive effects
@: heroic, flying
A: sickness immunity, AC +9, negative energy resistance 1, electricity
resistance, torment resistance 1, petrification resistance
a: Renounce Religion, Heroism


You were on level 4 of the Lair of Beasts.
You worshipped Okawaru.
Okawaru was most pleased with you.
You visited 3 branches of the dungeon, and saw 15 of its levels.

You collected 828 gold pieces.
You spent 143 gold pieces at shops.


Innate Abilities, Weirdness & Mutations

You are immune to sickness and miasma.
Your stone body is resilient. (AC +9)
You are immune to poison.
You resist negative energy. (rN+)
You are resistant to electric shocks. (rElec)
You are resistant to unholy torment.
You are immune to petrification.


   Skills:
 - Level 13.0(18.0) Fighting
 - Level 16.0(21.0) Ranged Weapons
 - Level 5.2(10.2) Armour
 + Level 8.1(13.1) Dodging
 - Level 1.1(6.1) Stealth
 - Level 5.4 Invocations


You had 12 spell levels left.
You didn't know any spells.
Your spell library was empty.

Inventory:

Hand Weapons
 Y - a +1 orcbow (weapon)
Armour
 b - a +0 troll leather armour (worn)
 d - a +2 pair of boots of flying (worn)
 j - a +2 helmet of intelligence (worn)
 n - a +2 pair of gloves (worn)
Jewellery
 c - a +6 ring of dexterity (left hand)
 l - a +4 ring of protection (right hand)
Scrolls
 a - 7 scrolls of identify
 k - a scroll of immolation {unknown}
 m - 3 scrolls of enchant armour
Potions
 e - 5 potions of might
 f - 4 potions of mutation
 g - a potion of enlightenment
 h - 4 potions of curing
 i - 7 potions of haste
 r - 2 potions of magic

Dungeon Overview and Level Annotations

Branches:
Dungeon (10/15)            Temple (1/1) D:4            Lair (4/5) D:10
 Shoals (0/4) Lair:3        Snake (0/4) Lair:2
  Slime: Lair:4-5       Orc: D:9-12

Altars:
Ashenzari
Cheibriados
Dithmenos
Elyvilon
Fedhas
Gozag
Hepliaklqana
Kikubaaqudgha
Makhleb
Nemelex Xobeh
Okawaru
Qazlal
Ru
Sif Muna
Trog
Uskayaw
Vehumet
Wu Jian
Xom
Yredelemnul
Zin
The Shining One

Shops:
D:6 *

Annotations:
Lair:2 1 runed translucent door, qw's ghost, journeyman GrHs
Lair:4 Kirke


Message History

The killer bee stings you but does no damage.
The meliai calls down the wrath of its god upon you.
Something smites you! The killer bee misses you.
You shoot an arrow.
The arrow closely misses the killer bee.
The arrow hits the killer bee!
You kill the killer bee!
Okawaru accepts your kill.
The killer bee completely misses you. x2; The killer bee misses you.
The killer bee completely misses you.
The meliai calls upon its god to heal the killer bee.
The killer bee is healed somewhat.
You shoot an arrow. The arrow hits the killer bee!!
You kill the killer bee!
Okawaru accepts your kill.
The meliai mumbles some strange prayers to its god against you.
Something smites you! The killer bee completely misses you.
You shoot an arrow. The arrow hits the meliai!
The meliai is severely wounded.
The meliai hits you but does no damage. The meliai closely misses you.
The killer bee stings you but does no damage.
The killer bee completely misses you. The meliai hits you with a +0 hand axe.
The meliai stings you but does no damage.
You shoot an arrow.
The arrow hits the meliai but does no damage.
The meliai is severely wounded.
The meliai barely misses you.
The meliai stings you but does no damage.
The killer bee stings you.
You shoot an arrow. The arrow hits the meliai!!
You kill the meliai!
Okawaru accepts your kill. The killer bee misses you.
You shoot an arrow. The arrow misses the killer bee.
The arrow hits the killer bee!
The killer bee is severely wounded.
The killer bee completely misses you. The killer bee misses you.
The meliai invokes the aid of its god against you.
Something smites you!
You die...

...%..##..#....##
...######P#..###
.### ####.# ##
##### #.!%! ####
#!..yy### ##.##
#!%.yy#.# .##.##


#..yyyyy# .....###########@# P##.##P##PP......# ###..(.......#P###
###.#.######## ##### You could see a meliai and 8 killer bees.

Vanquished Creatures
  A hydra (Lair:3)
  Harold (Lair:1)
  A boulder beetle (Lair:3)
  A death yak (Lair:4)
  A two-headed ogre (D:10)
  A swamp dragon (shapeshifter) (D:10)
  A wolf spider (Lair:2)
  5 oklob plants
  5 black mambas
  Joseph (D:7)
  5 cane toads
  Psyche (D:10)
  2 unseen horrors (D:10)
  A kobold demonologist (D:6)
  6 komodo dragons
  A rime drake (Lair:2)
  3 trolls
  Prince Ribbit (D:8)
  2 meliai (Lair:4)
  A queen bee (Lair:4)
  2 hornets (D:9)
  5 dream sheep (Lair:3)
  9 blink frogs
  Sigmund (D:6)
  5 wraiths
  5 wyverns
  4 hogs (Lair:4)
  12 yaks
  4 basilisks
  A steam dragon (D:8)
  Grum (D:8)
  4 nagas (Lair:2)
  11 water moccasins
  3 orc warriors
  A black bear (D:6)
  2 sky beasts
  19 wolves
  8 centaurs
  2 phantoms
  3 kobold brigands
  8 bullfrogs
  A gnoll sergeant (D:7)
  2 scorpions
  20 wights
  27 killer bees
  7 howler monkeys
  4 electric eels
  2 jellies
  2 gnoll boudas
  6 hounds
  3 orc priests
  Ijyb (D:4)
  6 iguanas
  2 sleepcaps
  9 orc wizards
  6 hell rats (Lair:2)
  17 gnolls
  9 adders
  2 white imps
  3 worms
  3 dart slugs
  18 orcs
  10 endoplasms
  4 giant cockroaches
  7 goblins
  5 hobgoblins
  7 jackals
  17 kobolds
  3 quokkas
  8 ball pythons
  7 bats
  5 frilled lizards
  6 rats
380 creatures vanquished.

Notes
Turn   | Place    | Note
-------+----------+-------------------------------------------
     0 | D:1      | qw the Gargoyle Hunter began the quest for the Orb.
     0 | D:1      | Reached XP level 1. HP: 12/12 MP: 1/1
     0 | D:1      | 0 ||| qw: Version: 0.3-a-83-gcd0e7d8
     0 | D:1      | 0 ||| qw: Game counter: 1430
     0 | D:1      | 0 ||| qw: Melee chars always use a shield: true
     0 | D:1      | 0 ||| qw: God list: Okawaru
     0 | D:1      | 0 ||| qw: Allow faded altars: false
     0 | D:1      | 0 ||| qw: Do Orc after clearing Dungeon:15 true
     0 | D:1      | 0 ||| qw: Do second Lair branch before Depths: true
     0 | D:1      | 0 ||| qw: Lair rune preference: random
     0 | D:1      | 0 ||| qw: Goals: Normal
     0 | D:1      | 0 ||| PLANNING D:1-11
    92 | D:1      | Reached XP level 2. HP: 17/17 MP: 2/2
   429 | D:1      | Reached XP level 3. HP: 16/21 MP: 3/3
   461 | D:1      | Reached skill level 5 in Ranged Weapons
   662 | D:1      | 662 ||| UPGRADING to +1 pair of boots of flying.
   667 | D:1      | 667 ||| UPGRADING to +4 ring of protection.
   668 | D:1      | 668 ||| READING scroll labelled EXUCISHR BORE.
   669 | D:1      | 669 ||| READING scroll labelled XEILEL QOGE.
   673 | D:1      | 673 ||| READING scroll labelled HICZAWI YSKAME.
   674 | D:1      | 674 ||| READING scroll labelled AMARYAM TAI.
   675 | D:1      | 675 ||| DROPPING scroll of butterflies.
   815 | D:2      | Reached skill level 3 in Fighting
   836 | D:2      | Reached XP level 4. HP: 28/28 MP: 4/4
  1319 | D:2      | 1319 ||| UPGRADING to +0 ring mail.
  1329 | D:2      | 1329 ||| DROPPING +0 leather armour.
  1330 | D:2      | 1330 ||| READING scroll labelled DEMNAIGGIA.
  1331 | D:2      | 1331 ||| READING 3 scrolls labelled BUSAON FASHOIM.
  1332 | D:2      | 1332 ||| READING scroll labelled UDEANG XOXA.
  1333 | D:2      | 1333 ||| READING scroll labelled UGOSINIWKU.
  1334 | D:2      | 1334 ||| DRINKING 3 smoky white potions.
  1335 | D:2      | 1335 ||| DROPPING 2 scrolls of amnesia.
  1365 | D:3      | Reached skill level 1 in Armour
  1506 | D:3      | Reached XP level 5. HP: 32/32 MP: 5/5
  1766 | D:3      | You are sucked into a shaft and drop 2 floors!
  1766 | D:5      | Entered Level 5 of the Dungeon
  1789 | D:5      | Reached skill level 6 in Ranged Weapons
  1815 | D:5      | 1815 ||| READING 3 scrolls of identify.
  1815 | D:5      | 1815 ||| IDENTIFYING coppery potion
  1816 | D:5      | 1816 ||| READING 2 scrolls of identify.
  1816 | D:5      | 1816 ||| IDENTIFYING metallic white potion
  1825 | D:4      | Noticed Ijyb
  1825 | D:4      | Found a staircase to the Ecumenical Temple.
  1826 | D:4      | 1826 ||| PLANNING OSSUARY
  1838 | D:4      | 1838 ||| Stepping ~*~*~tactically~*~*~ (retreating).
  1842 | D:4      | 1842 ||| Stepping ~*~*~tactically~*~*~ (retreating).
  1845 | D:4      | 1845 ||| Stepping ~*~*~tactically~*~*~ (retreating).
  1860 | D:4      | HP: 5/32 [gnoll/+0 halberd (5)]
  1867 | D:4      | Killed Ijyb
  1867 | D:4      | HP: 3/32 [gnoll/+0 halberd (4)]
  1995 | D:4      | Noticed an orc warrior
  1999 | D:4      | 1999 ||| RETREEAATING.
  2001 | D:4      | 2001 ||| RETREEAATING.
  2002 | D:4      | 2002 ||| STILL RETREEAATING.
  2012 | D:4      | 2012 ||| Stepping ~*~*~tactically~*~*~ (retreating).
  2015 | D:4      | HP: 8/33 [orc warrior/+0 war axe (4)]
  2016 | D:4      | Killed an orc warrior
  2017 | D:4      | Reached XP level 6. HP: 10/38 MP: 6/6
  2049 | D:4      | Reached skill level 7 in Ranged Weapons
  2395 | D:4      | 2395 ||| READING scroll of enchant armour.
  2395 | D:4      | 2395 ||| ENCHANTING +1 pair of boots of flying.
  2482 | D:4      | 2482 ||| RIP OSSUARY
  2501 | D:4      | Identified the +3 dagger of the Maze {venom, rF+ Dex+4
                  | Stlth+}
  2502 | D:4      | 2502 ||| PLANNING TEMPLE
  2502 | D:4      | 2502 ||| UPGRADING to +0 helmet.
  2507 | D:4      | 2507 ||| READING scroll labelled LOONGI UGGEO.
  2536 | D:4      | 2536 ||| DRINKING 2 cyan potions.
  2575 | Temple   | Entered the Ecumenical Temple
  2576 | Temple   | 2576 ||| PLANNING D:1-11
  2814 | D:3      | 2814 ||| READING scroll labelled WOESYIVEKI.
  2934 | D:4      | Reached XP level 7. HP: 34/43 MP: 7/7
  2995 | D:4      | 2995 ||| Stepping ~*~*~tactically~*~*~ (retreating).
  3420 | D:4      | 3420 ||| DRINKING 2 fuming sapphire potions.
  3524 | D:4      | 3524 ||| DROPPING potion of berserk rage.
  3590 | D:5      | Reached skill level 8 in Ranged Weapons
  3592 | D:5      | 3592 ||| RETREEAATING.
  3605 | D:5      | Reached XP level 8. HP: 43/48 MP: 8/8
  3687 | D:5      | 3687 ||| SWAPPING to +0 orcbow.
  3688 | D:5      | 3688 ||| DROPPING +1 shortbow.
  3935 | D:5      | Reached skill level 9 in Ranged Weapons
  3945 | D:5      | 3945 ||| READING scroll of enchant armour.
  3945 | D:5      | 3945 ||| ENCHANTING +0 helmet.
  4125 | D:5      | 4125 ||| READING 2 scrolls of identify.
  4125 | D:5      | 4125 ||| IDENTIFYING inky potion
  4126 | D:5      | 4126 ||| DROPPING potion of attraction.
  4136 | D:6      | 4136 ||| STAIRDANCE
  4140 | D:5      | Reached skill level 6 in Fighting
  4155 | D:6      | 4155 ||| STAIRDANCE
  4421 | D:6      | Noticed Sigmund
  4432 | D:6      | Killed Sigmund
  4433 | D:6      | Reached skill level 10 in Ranged Weapons
  4433 | D:6      | Reached XP level 9. HP: 49/55 MP: 9/9
  4499 | D:6      | Noticed a kobold demonologist
  4501 | D:6      | 4501 ||| RETREEAATING.
  4507 | D:6      | 4507 ||| Stepping ~*~*~tactically~*~*~ (retreating).
  4509 | D:6      | Killed a kobold demonologist
  4511 | D:6      | 4511 ||| Stepping ~*~*~tactically~*~*~ (retreating).
  4512 | D:6      | 4512 ||| Stepping ~*~*~tactically~*~*~ (retreating).
  4518 | D:6      | 4518 ||| Stepping ~*~*~tactically~*~*~ (retreating).
  4519 | D:6      | 4519 ||| Stepping ~*~*~tactically~*~*~ (retreating).
  4525 | D:6      | 4525 ||| Stepping ~*~*~tactically~*~*~ (retreating).
  4561 | D:6      | 4561 ||| FLEEEEING.
  4562 | D:6      | 4562 ||| FLEEEEING.
  4563 | D:6      | 4563 ||| STAIRDANCE
  4673 | D:5      | 4673 ||| READING scroll labelled LYMASI NAGE.
  4687 | D:6      | 4687 ||| STAIRDANCE
  4880 | D:6      | Found Himeil's General Store.
  4884 | D:6      | 4884 ||| BUYING potion of heal wounds (65 gold).
  4884 | D:6      | Bought a potion of heal wounds for 65 gold pieces
  4884 | D:6      | 4884 ||| BUYING potion of might (52 gold).
  4884 | D:6      | Bought a potion of might for 52 gold pieces
  4884 | D:6      | 4884 ||| SHOPLISTING ring of fire (325 gold, have 140).
  4884 | D:6      | 4884 ||| BUYING scroll of identify (26 gold).
  4884 | D:6      | Bought a scroll of identify for 26 gold pieces
  5045 | D:6      | Reached skill level 11 in Ranged Weapons
  5292 | D:6      | 5292 ||| UPGRADING to +2 helmet of intelligence.
  5302 | D:6      | 5302 ||| DROPPING +1 helmet.
  5303 | D:6      | 5303 ||| READING scroll labelled GICHEGHOEDD.
  5304 | D:6      | 5304 ||| READING 3 scrolls of identify.
  5304 | D:6      | 5304 ||| IDENTIFYING murky purple potion
  5305 | D:6      | 5305 ||| DROPPING potion of ambrosia.
  5326 | D:7      | 5326 ||| STAIRDANCE
  5338 | D:6      | Reached skill level 3 in Dodging
  5377 | D:7      | 5377 ||| STAIRDANCE
  5387 | D:7      | 5387 ||| STAIRDANCE
  5572 | D:7      | Reached XP level 10. HP: 61/64 MP: 10/10
  5600 | D:7      | Noticed Joseph
  5605 | D:7      | 5605 ||| FLEEEEING.
  5606 | D:7      | 5606 ||| FLEEEEING.
  5607 | D:7      | 5607 ||| FLEEEEING.
  5608 | D:7      | 5608 ||| FLEEEEING.
  5609 | D:7      | 5609 ||| FLEEEEING.
  5610 | D:7      | 5610 ||| FLEEEEING.
  5611 | D:7      | 5611 ||| FLEEEEING.
  5612 | D:7      | 5612 ||| FLEEEEING.
  5613 | D:7      | 5613 ||| FLEEEEING.
  5644 | D:7      | Killed Joseph
  5915 | D:7      | Identified the +0 ring mail of the Red Skies {Str+3}
  6068 | D:7      | Reached skill level 12 in Ranged Weapons
  6393 | D:7      | 6393 ||| Stepping ~*~*~tactically~*~*~ (retreating).
  6534 | D:7      | 6534 ||| UPGRADING to +2 leather armour of poison
                  | resistance.
  6544 | D:7      | 6544 ||| DROPPING +0 ring mail.
  6545 | D:7      | 6545 ||| DROPPING +0 ring mail of the Red Skies {Str+3}.
  6546 | D:7      | 6546 ||| READING scroll labelled MEDIKIA VABE.
  6664 | D:8      | 6664 ||| STAIRDANCE
  6668 | D:8      | 6668 ||| STAIRDANCE
  6692 | D:7      | HP: 16/64 [killer bee (5)]
  6693 | D:7      | 6693 ||| READING 3 scrolls of teleportation.
  6694 | D:7      | 6694 ||| DRINKING potion of heal wounds.
  6863 | D:8      | 6863 ||| RETREEAATING.
  6864 | D:8      | 6864 ||| Stepping ~*~*~tactically~*~*~ (retreating).
  6865 | D:8      | 6865 ||| Stepping ~*~*~tactically~*~*~ (retreating).
  6869 | D:8      | 6869 ||| Stepping ~*~*~tactically~*~*~ (retreating).
  7007 | D:8      | Reached skill level 13 in Ranged Weapons
  7016 | D:8      | HP: 14/64 [steam dragon/ball of steam (9)]
  7017 | D:8      | 7017 ||| READING 2 scrolls of teleportation.
  7020 | D:8      | HP: 6/64 [steam dragon] (3)]
  7330 | D:8      | 7330 ||| Stepping ~*~*~tactically~*~*~ (retreating).
  7339 | D:8      | Noticed Grum
  7359 | D:8      | Killed Grum
  7368 | D:8      | HP: 15/65 [wolf[Grum] (5)]
  7369 | D:8      | 7369 ||| READING scroll of teleportation.
  7371 | D:8      | Reached skill level 9 in Fighting
  7374 | D:8      | 7374 ||| FLEEEEING.
  7617 | D:8      | Noticed Prince Ribbit
  7624 | D:8      | Killed Prince Ribbit
  7660 | D:8      | 7660 ||| DRINKING 3 potions of curing.
  7660 | D:8      | 7660 ||| (to cure confusion)
  7791 | D:8      | Found a hazy altar of Hepliaklqana.
  7791 | D:8      | Found a broken altar of Ashenzari.
  7792 | D:8      | Found an iron altar of Okawaru.
  7793 | D:8      | 7793 ||| PLANNING OKAWARU WORSHIP
  7793 | D:8      | 7793 ||| UPGRADING to +0 pair of gloves.
  7798 | D:8      | 7798 ||| READING scroll of enchant armour.
  7798 | D:8      | 7798 ||| ENCHANTING +0 pair of gloves.
  7799 | D:8      | 7799 ||| UPGRADING to ring of willpower.
  7800 | D:8      | 7800 ||| READING 2 scrolls of identify.
  7800 | D:8      | 7800 ||| IDENTIFYING bubbling red potion
  7801 | D:8      | 7801 ||| DROPPING potion of magic.
  7802 | D:8      | Found a blossoming altar of Fedhas.
  7805 | D:8      | Became a worshipper of Warmaster Okawaru
  7806 | D:8      | 7806 ||| PLANNING D:1-11
  7807 | D:8      | Found a sacrificial altar of Ru.
  7808 | D:8      | Found a shimmering altar of Xom.
  7888 | D:9      | Reached XP level 11. HP: 71/71 MP: 11/11
  8642 | D:9      | 8642 ||| UPGRADING to +0 troll leather armour.
  8652 | D:9      | 8652 ||| DROPPING +2 leather armour of poison resistance.
  8672 | D:10     | Entered Level 10 of the Dungeon
  8673 | D:10     | 8673 ||| STAIRDANCE
  8685 | D:9      | Reached skill level 14 in Ranged Weapons
  8689 | D:10     | 8689 ||| STAIRDANCE
  8693 | D:9      | Reached * piety under Okawaru
  8701 | D:10     | 8701 ||| STAIRDANCE
  8729 | D:10     | 8729 ||| STAIRDANCE
  8736 | D:9      | Reached skill level 1 in Invocations
  8744 | D:10     | 8744 ||| INVOKING Heroism.
  8745 | D:10     | 8745 ||| STAIRDANCE
  8765 | D:10     | 8765 ||| INVOKING Heroism.
  8766 | D:10     | 8766 ||| STAIRDANCE
  8808 | D:10     | Found a staircase to the Lair.
  8828 | D:10     | Noticed a two-headed ogre
  8834 | D:10     | 8834 ||| Stepping ~*~*~tactically~*~*~ (retreating).
  8837 | D:10     | 8837 ||| Stepping ~*~*~tactically~*~*~ (retreating).
  8846 | D:10     | HP: 10/71 [two-headed ogre/+0 giant spiked club (20)]
  8847 | D:10     | 8847 ||| READING 3 scrolls of teleportation.
  8848 | D:10     | 8848 ||| DRINKING potion of heal wounds.
  8851 | D:10     | 8851 ||| INVOKING Heroism.
  8851 | D:10     | Noticed Psyche
  8856 | D:10     | Killed Psyche
  8938 | D:10     | 8938 ||| INVOKING Heroism.
  8955 | D:10     | 8955 ||| INVOKING Heroism.
  8963 | D:10     | HP: 9/72 [rock wall collision (13)]
  8964 | D:10     | 8964 ||| READING 2 scrolls of teleportation.
  9026 | D:10     | 9026 ||| READING scroll of enchant armour.
  9026 | D:10     | 9026 ||| ENCHANTING +1 pair of gloves.
  9055 | D:10     | Noticed a shining eye
  9057 | D:10     | a shining eye changed into a shock serpent
  9057 | D:10     | Noticed a shock serpent (shapeshifter)
  9062 | D:10     | a shock serpent changed into a swamp dragon
  9062 | D:10     | Noticed a swamp dragon (shapeshifter)
  9070 | D:10     | Killed a swamp dragon
  9376 | D:10     | 9376 ||| INVOKING Heroism.
  9391 | D:10     | 9391 ||| Stepping ~*~*~tactically~*~*~ (retreating).
  9392 | D:10     | 9392 ||| Stepping ~*~*~tactically~*~*~ (retreating).
  9393 | D:10     | 9393 ||| Stepping ~*~*~tactically~*~*~ (retreating).
  9401 | D:10     | 9401 ||| INVOKING Heroism.
  9425 | D:10     | 9425 ||| INVOKING Heroism.
  9463 | D:10     | Reached skill level 3 in Invocations
  9479 | D:10     | 9479 ||| INVOKING Heroism.
  9511 | D:10     | 9511 ||| INVOKING Heroism.
  9517 | D:10     | Killed a two-headed ogre
  9809 | D:10     | Found a shimmering blue altar of Sif Muna.
  9809 | D:10     | Found a stormy altar of Qazlal.
  9868 | D:10     | 9868 ||| PLANNING LAIR
  9868 | D:10     | 9868 ||| UPGRADING to +6 ring of dexterity.
  9870 | D:10     | 9870 ||| DROPPING ring of wizardry.
  9871 | D:10     | 9871 ||| UPGRADING to +4 ring of protection.
  9873 | D:10     | 9873 ||| DROPPING ring of willpower.
  9874 | D:10     | 9874 ||| READING scroll labelled BOROIC OCLESCH.
  9875 | D:10     | 9875 ||| READING 3 scrolls of identify.
  9875 | D:10     | 9875 ||| IDENTIFYING fizzy emerald potion
  9876 | D:10     | 9876 ||| DROPPING potion of lignification.
  9917 | Lair:1   | Entered Level 1 of the Lair of Beasts
  9921 | Lair:1   | 9921 ||| INVOKING Heroism.
  9979 | Lair:1   | 9979 ||| INVOKING Heroism.
 10064 | Lair:1   | 10064 ||| INVOKING Heroism.
 10095 | Lair:1   | 10095 ||| INVOKING Heroism.
 10134 | Lair:1   | You are sucked into a shaft and drop 1 floor!
 10134 | Lair:2   | Noticed a wolf spider
 10135 | Lair:2   | 10135 ||| RETREEAATING.
 10136 | Lair:2   | 10136 ||| INVOKING Heroism.
 10143 | Lair:2   | 10143 ||| Stepping ~*~*~tactically~*~*~ (retreating).
 10144 | Lair:2   | 10144 ||| Stepping ~*~*~tactically~*~*~ (retreating).
 10152 | Lair:2   | Reached ** piety under Okawaru
 10153 | Lair:2   | Reached skill level 6 in Dodging
 10153 | Lair:2   | Reached XP level 12. HP: 77/77 MP: 13/15
 10164 | Lair:2   | 10164 ||| INVOKING Heroism.
 10226 | Lair:2   | 10226 ||| RETREEAATING.
 10227 | Lair:2   | 10227 ||| STILL RETREEAATING.
 10228 | Lair:2   | 10228 ||| STILL RETREEAATING.
 10229 | Lair:2   | 10229 ||| STILL RETREEAATING.
 10235 | Lair:2   | 10235 ||| Stepping ~*~*~tactically~*~*~ (retreating).
 10242 | Lair:2   | Reached skill level 15 in Ranged Weapons
 10255 | Lair:2   | 10255 ||| INVOKING Heroism.
 10822 | Lair:1   | Noticed Harold
 10823 | Lair:1   | 10823 ||| INVOKING Heroism.
 10833 | Lair:1   | Killed Harold
 11417 | Lair:2   | Found a runed translucent door.
 11417 | Lair:2   | Noticed qw's ghost (journeyman GrHs)
 11425 | Lair:2   | 11425 ||| INVOKING Heroism.
 11467 | Lair:2   | Reached skill level 16 in Ranged Weapons
 11662 | Lair:2   | 11662 ||| RETREEAATING.
 11663 | Lair:2   | 11663 ||| STILL RETREEAATING.
 11665 | Lair:2   | 11665 ||| STILL RETREEAATING.
 11666 | Lair:2   | 11666 ||| Stepping ~*~*~tactically~*~*~ (retreating).
 11667 | Lair:2   | 11667 ||| Stepping ~*~*~tactically~*~*~ (retreating).
 11668 | Lair:2   | 11668 ||| Stepping ~*~*~tactically~*~*~ (retreating).
 11669 | Lair:2   | 11669 ||| Stepping ~*~*~tactically~*~*~ (retreating).
 11670 | Lair:2   | 11670 ||| Stepping ~*~*~tactically~*~*~ (retreating).
 11671 | Lair:2   | 11671 ||| Stepping ~*~*~tactically~*~*~ (retreating).
 11672 | Lair:2   | 11672 ||| Stepping ~*~*~tactically~*~*~ (retreating).
 11673 | Lair:2   | 11673 ||| Stepping ~*~*~tactically~*~*~ (retreating).
 11674 | Lair:2   | 11674 ||| Stepping ~*~*~tactically~*~*~ (retreating).
 11684 | Lair:2   | Reached *** piety under Okawaru
 11698 | Lair:2   | 11698 ||| READING scroll of enchant weapon.
 11698 | Lair:2   | 11698 ||| ENCHANTING +0 orcbow.
 11723 | Lair:2   | 11723 ||| Stepping ~*~*~tactically~*~*~ (retreating).
 11725 | Lair:2   | 11725 ||| Stepping ~*~*~tactically~*~*~ (retreating).
 11726 | Lair:2   | 11726 ||| Stepping ~*~*~tactically~*~*~ (retreating).
 11727 | Lair:2   | 11727 ||| Stepping ~*~*~tactically~*~*~ (retreating).
 11768 | Lair:2   | Found a staircase to the Snake Pit.
 12072 | Lair:2   | 12072 ||| DRINKING 2 fizzy golden potions.
 12078 | Lair:3   | Found a shadowy altar of Dithmenos.
 12110 | Lair:3   | Found a staircase to the Shoals.
 12113 | Lair:3   | Noticed a boulder beetle
 12114 | Lair:3   | 12114 ||| INVOKING Heroism.
 12141 | Lair:3   | 12141 ||| INVOKING Heroism.
 12147 | Lair:3   | Killed a boulder beetle
 12214 | Lair:3   | 12214 ||| INVOKING Heroism.
 12232 | Lair:3   | 12232 ||| INVOKING Heroism.
 12272 | Lair:3   | 12272 ||| INVOKING Heroism.
 12293 | Lair:3   | Reached XP level 13. HP: 62/84 MP: 16/16
 12293 | Lair:3   | 12293 ||| INVOKING Heroism.
 12310 | Lair:3   | HP: 15/85 [oklob plant/splash of acid (23)]
 12311 | Lair:3   | 12311 ||| READING scroll of teleportation.
 12312 | Lair:3   | 12312 ||| DRINKING 4 potions of heal wounds.
 12421 | Lair:3   | 12421 ||| Stepping ~*~*~tactically~*~*~ (retreating).
 12425 | Lair:3   | Reached skill level 12 in Fighting
 12425 | Lair:3   | 12425 ||| RETREEAATING.
 12426 | Lair:3   | 12426 ||| STILL RETREEAATING.
 12427 | Lair:3   | 12427 ||| STILL RETREEAATING.
 12432 | Lair:3   | 12432 ||| Stepping ~*~*~tactically~*~*~ (retreating).
 12438 | Lair:3   | Reached **** piety under Okawaru
 12477 | Lair:3   | 12477 ||| RETREEAATING.
 12479 | Lair:3   | 12479 ||| RETREEAATING.
 12481 | Lair:3   | 12481 ||| RETREEAATING.
 12483 | Lair:3   | 12483 ||| Stepping ~*~*~tactically~*~*~ (retreating).
 12486 | Lair:3   | 12486 ||| Stepping ~*~*~tactically~*~*~ (retreating).
 12487 | Lair:3   | 12487 ||| INVOKING Heroism.
 12493 | Lair:3   | 12493 ||| Stepping ~*~*~tactically~*~*~ (retreating).
 12601 | Lair:3   | 12601 ||| RETREEAATING.
 12602 | Lair:3   | 12602 ||| STILL RETREEAATING.
 12603 | Lair:3   | 12603 ||| STILL RETREEAATING.
 12606 | Lair:3   | 12606 ||| STILL RETREEAATING.
 12607 | Lair:3   | 12607 ||| STILL RETREEAATING.
 12608 | Lair:3   | 12608 ||| STILL RETREEAATING.
 12609 | Lair:3   | 12609 ||| STILL RETREEAATING.
 12610 | Lair:3   | 12610 ||| STILL RETREEAATING.
 12611 | Lair:3   | 12611 ||| STILL RETREEAATING.
 12612 | Lair:3   | 12612 ||| STILL RETREEAATING.
 12613 | Lair:3   | 12613 ||| STILL RETREEAATING.
 12614 | Lair:3   | 12614 ||| STILL RETREEAATING.
 12615 | Lair:3   | 12615 ||| STILL RETREEAATING.
 12616 | Lair:3   | 12616 ||| STILL RETREEAATING.
 12617 | Lair:3   | 12617 ||| STILL RETREEAATING.
 12618 | Lair:3   | 12618 ||| STILL RETREEAATING.
 12620 | Lair:3   | 12620 ||| RETREEAATING.
 12622 | Lair:3   | 12622 ||| Stepping ~*~*~tactically~*~*~ (retreating).
 12658 | Lair:3   | 12658 ||| INVOKING Heroism.
 12659 | Lair:3   | 12659 ||| RETREEAATING.
 12665 | Lair:3   | 12665 ||| STILL RETREEAATING.
 12667 | Lair:3   | 12667 ||| Stepping ~*~*~tactically~*~*~ (retreating).
 12668 | Lair:3   | 12668 ||| Stepping ~*~*~tactically~*~*~ (retreating).
 12670 | Lair:3   | 12670 ||| Stepping ~*~*~tactically~*~*~ (retreating).
 12685 | Lair:3   | 12685 ||| INVOKING Heroism.
 12768 | Lair:3   | 12768 ||| INVOKING Heroism.
 13180 | Lair:3   | 13180 ||| READING 6 scrolls of identify.
 13180 | Lair:3   | 13180 ||| IDENTIFYING emerald potion
 13181 | Lair:3   | 13181 ||| DROPPING potion of invisibility.
 13296 | Lair:4   | 13296 ||| INVOKING Heroism.
 13331 | Lair:4   | 13331 ||| INVOKING Heroism.
 13398 | Lair:4   | 13398 ||| INVOKING Heroism.
 13421 | Lair:4   | Noticed Kirke
 13437 | Lair:4   | 13437 ||| FLEEEEING.
 13438 | Lair:4   | 13438 ||| FLEEEEING.
 13439 | Lair:4   | 13439 ||| FLEEEEING.
 13440 | Lair:4   | 13440 ||| FLEEEEING.
 13441 | Lair:4   | 13441 ||| FLEEEEING.
 13442 | Lair:4   | 13442 ||| INVOKING Heroism.
 13443 | Lair:4   | 13443 ||| READING scroll of teleportation.
 13445 | Lair:4   | HP: 20/87 [manticore[Kirke] (7)]
 13446 | Lair:4   | 13446 ||| DRINKING 3 potions of heal wounds.
 13540 | Lair:4   | 13540 ||| RETREEAATING.
 13542 | Lair:4   | 13542 ||| INVOKING Heroism.
 13565 | Lair:4   | HP: 20/88 [meliai/divine providence (12)]
 13566 | Lair:4   | 13566 ||| DRINKING 2 potions of heal wounds.
 13570 | Lair:4   | HP: 12/88 [killer bee (12)]
 13571 | Lair:4   | 13571 ||| DRINKING potion of heal wounds.
 13576 | Lair:4   | HP: 15/88 [meliai/divine providence (13)]
 13580 | Lair:4   | HP: 3/88 [killer bee (6)]
 13582 | Lair:4   | Killed from afar by a meliai

Levels and vault maps discovered:
D:1:      amcnicky_arrival_double_pillar, layout_basic, minmay_cupped
D:2:      layout_loops_cross, minmay_pentomino_pile
D:3:      layout_loops_ring
D:4:      layout_basic, minmay_temple_entry_large_hall, enter_ossuary_5,
          uniq_ijyb
D:5:      layout_basic, grunt_decor_junction
D:6:      layout_loops_ring, serial_shops, shop, uniq_sigmund
D:7:      layout_loops_ring, dreamdust_princess_corridor,
          chequers_serial_rivers_small_a, nicolae_the_louvre, uniq_joseph
D:8:      layout_basic, minitemple, minmay_door_square, uniq_grum,
          uniq_prince_ribbit1
D:9:      layout_irregular_city
D:10:     layout_grid_maze, gammafunk_temple_overflow_statue, erik_lair_island,
          minmay_between, uniq_psyche
Temple:   zaba_magenta_temple
Lair:1:   layout_layer_cave, dreamdust_mushroom_princess, st_stairs_6,
          uniq_harold
Lair:2:   minmay_lair_venomous_thicket, layout_chaotic_city,
          minmay_snake_entry_guardpost_small, hellmonk_ghost_happy_afterlife
Lair:3:   minmay_lair_oklob_tunnel, layout_regular_city,
          minmay_shoals_entry_centaurs, basic_altar
Lair:4:   layout_loops_ring, special_room [special_room_bee], st_stairs_13,
          infiniplex_staircase_pool, uniq_kirke

Skill      XL: |  1  2  3  4  5  6  7  8  9 10 11 12 13 |
---------------+----------------------------------------+-----
Ranged Weapons | 5 6 7 8 10 11 13 14 16 | 16.0
Fighting       | 3 4 6 8 9 10 11 13 | 13.0
Armour         | 1 2 4 5 |  5.2
Dodging        | 2 3 4 6 7 8 |  8.1
Invocations    | 4 5 |  5.4
Stealth        | |  1.1

Action                     |  1- 3 |  4- 6 |  7- 9 | 10-12 | 13-15 || total
---------------------------+-------+-------+-------+-------+-------++-------
  Melee: Unarmed           |       |       |       |       |     2 ||     2
   Fire: Shortbow          |    83 |   235 |    60 |       |       ||   378
         Orcbow            |       |       |   304 |  1151 |   252 ||  1707
 Invoke: Heroism           |       |       |       |    24 |    10 ||    34
    Use: Scroll            |     4 |     9 |     5 |    12 |     3 ||    33
         Potion            |       |     2 |     1 |     4 |     4 ||    11
 Armour: Leather armour    |    14 |    13 |       |   223 |       ||   250
         Ring mail         |       |   111 |   233 |    56 |       ||   400
         Troll leather arm |       |       |       |   380 |    73 ||   453
         Skin              |       |       |       |       |     6 ||     6
  Dodge: Dodged            |    14 |    83 |   161 |   668 |   153 ||  1079

Table legend:
 A = Non-vault XP
 B = Vault XP
 C = Vault XP percentage of total XP
 D = Non-vault monster count
 E = Vault monster count
 F = Vault count percentage of total count
                 A         B        C        D         E       F
            +---------+---------+-------+---------+---------+-------
      Total |   30079 |   13447 |  30.9 |     310 |      70 |  18.4
            +---------+---------+-------+---------+---------+-------
        D:1 |      40 |       9 |  18.4 |      25 |       4 |  13.8
        D:2 |      46 |      29 |  38.7 |      19 |       6 |  24.0
        D:3 |      67 |       0 |   0.0 |      20 |       0 |   0.0
        D:4 |     591 |      39 |   6.2 |      23 |       1 |   4.2
        D:5 |    1041 |       0 |   0.0 |      19 |       0 |   0.0
        D:6 |    2083 |     223 |   9.7 |      38 |       1 |   2.6
        D:7 |    2109 |     439 |  17.2 |      34 |       1 |   2.9
        D:8 |    1681 |     709 |  29.7 |      17 |       4 |  19.0
        D:9 |    1941 |     498 |  20.4 |      18 |       4 |  18.2
       D:10 |    3421 |    1020 |  23.0 |      17 |       9 |  34.6
     Lair:1 |    4066 |    1089 |  21.1 |      22 |       2 |   8.3
     Lair:2 |    4600 |    3095 |  40.2 |      26 |      14 |  35.0
     Lair:3 |    6693 |    3266 |  32.8 |      25 |       8 |  24.2
     Lair:4 |    1700 |    3031 |  64.1 |       7 |      16 |  69.6
            +---------+---------+-------+---------+---------+-------
